 Dungeon Crawl Stone Soup version 0.21.1-1-g345015f (webtiles) character file.

16 letownia2 the Insei (level 2, -1/21 HPs)
             Began as a Merfolk Transmuter on Mar 15, 2018.
             Slain by an adder (4 damage)
             ... on level 2 of the Dungeon.
             The game lasted 00:01:53 (341 turns).

letownia2 the Insei (Merfolk Transmuter)             Turns: 341, Time: 00:01:54

Health: -1/21      AC:  2    Str:  7 (10) XL:     2   Next: 54%
Magic:  1/5        EV: 13    Int: 11 (12) God:
Gold:   35         SH:  0    Dex: 15 (16) Spells: 2/5 levels left

rFire    . . .     SeeInvis .     - Unarmed
rCold    . . .     Gourm    .   (no shield)
rNeg     . . .     Faith    .   b - +0 robe
rPois    .         Spirit   .   (no helmet)
rElec    .         Reflect  .   (no cloak)
rCorr    .         Harm     .   (no gloves)
MR       .....                  (no boots)
Stlth    +.........             (no amulet)
HPRegen  0.07/turn              (no ring)
MPRegen  0.09/turn              (no ring)

@: lethally poisoned (-1 -> -11), appendage (expiring), very slightly
contaminated
A: change form in water, swift swim, stealthy swim, horns 2, agile 1
a: End Transformation


You were on level 2 of the Dungeon.
You were not hungry.
You had grown temporary horns.
You visited 1 branch of the dungeon, and saw 2 of its levels.

You collected 35 gold pieces.

Inventory:

Missiles
 a - 26 arrows
 f - 14 sling bullets
Armour
 b - a +0 robe (worn)
 g - a +0 ring mail
 l - a +0 buckler
Scrolls
 e - 2 scrolls of identify {unknown}
 j - 2 scrolls of magic mapping {unknown}
 k - a scroll of enchant weapon {unknown}
Books
 c - a book of Changes

   Spells                             Type                      Level
   a - Beastly Appendage              Transmutation                1
   b - Sticks to Snakes               Transmutation                2
   c - Spider Form                    Transmutation/Poison         3
   d - Ice Form                       Ice/Transmutation            4
   e - Blade Hands                    Transmutation                5
Comestibles
 d - 3 rations


   Skills:
 - Level 1.1 Fighting
 - Level 2.6 Dodging
 + Level 3.8 Unarmed Combat
 - Level 2.0 Spellcasting
 + Level 3.4 Transmutations


You had 2 spell levels left.
You knew the following spells:

 Your Spells              Type           Power        Failure   Level  Hunger
a - Beastly Appendage     Tmut           #.....       7%          1    ##.....
l - Sticks to Snakes      Tmut           #.......     11%         2    ###....


Dungeon Overview and Level Annotations

Branches:
Dungeon (2/15)

Altars:


Innate Abilities, Weirdness & Mutations

You revert to your normal form in water.
You are very nimble and swift while swimming.
You are very stealthy in the water. (Stealth+)
You have a pair of horns on your head.
You are agile. (Dex +2)


Message History

The adder is heavily wounded.
* * * LOW HITPOINT WARNING * * *
You feel sick. The adder closely misses you.
Unknown command.
It was a potion of mutation.
You feel extremely strange.
Your vision blurs.
Your vision sharpens.
You feel agile. The adder bites you but does no damage.
The adder barely misses you.
It was a potion of degeneration.
There was something very wrong with that liquid.
You feel weakened.
You feel dopey.
You feel clumsy. The adder bites you.
* * * LOW HITPOINT WARNING * * *
You are more poisoned.
The adder poisons you!
Unknown command.
You miss the adder.
The adder is heavily wounded.
* * * LOW HITPOINT WARNING * * *
You feel sick. The adder bites you.
You die...

g.......#
........#
........#
########
........#
#......#
........#
#.####.# #.#
#<# #g# #.#
#S####.####.#
#.@.........#
######.######
#†#
###########
#.#
.......)..#
#.#
..#######.#
#.# #.# #.#
#.# #.# #.#
#.# #.# #.#
#.#


You could see an adder and a hobgoblin.

Vanquished Creatures
  A dart slug (D:1)
  A leopard gecko (D:2)
  A giant cockroach (D:2)
  A hobgoblin (D:1)
  2 bats (D:1)
  2 goblins
  3 kobolds
  2 rats
13 creatures vanquished.

Notes
Turn   | Place    | Note
-------+----------+-------------------------------------------
     0 | D:1      | letownia2 the Merfolk Transmuter began the quest for the Orb.
     0 | D:1      | Reached XP level 1. HP: 15/15 MP: 3/3
   109 | D:1      | Reached XP level 2. HP: 15/21 MP: 3/5
   116 | D:1      | Learned a level 2 spell: Sticks to Snakes
   339 | D:2      | Gained mutation: Scrolls take you a little longer to read. [potion of mutation]
   339 | D:2      | Lost mutation: Scrolls take you a little longer to read. [potion of mutation]
   339 | D:2      | Gained mutation: You are agile. (Dex +2) [potion of mutation]
   341 | D:2      | Slain by an adder

Skill      XL: |  1 |
---------------+----+-----
Transmutations | 3 |  3.4
Fighting       | |  1.1
Dodging        | |  2.6
Unarmed Combat | |  3.8
Spellcasting   | |  2.0

Action                   || total
-------------------------++-------
Melee: Unarmed           ||    53
       Headbutt          ||     5
 Cast: Beastly Appendage ||     7
       Sticks to Snakes  ||     1
  Use: Potion            ||     2
 Stab: Sleeping          ||     1
Armor: Robe              ||     8
Dodge: Dodged            ||    39
